 Dungeon Crawl Stone Soup version 0.31-a0-37-g98a128e1d9 (webtiles) character file.

Game seed: 5265694319626013247

53 BlueFish the Charlatan (level 3, -4/29 HPs)
             Began as a Draconian Artificer on May 14, 2023.
             Slain by a river rat (7 damage)
             ... on level 3 of the Dungeon.
             The game lasted 00:03:18 (1741 turns).

BlueFish the Charlatan (Draconian Artificer)        Turns: 1741, Time: 00:03:19

Health: -4/29      AC:  5    Str: 14    XL:     3   Next: 64%
Magic:  3/3        EV: 13    Int: 13    God:
Gold:   66         SH:  0    Dex: 17    Spells: 2/2 levels left

rFire   . . .        h - +0 spear
rCold   . . .        (no shield)
rNeg    . . .        (body armour unavailable)
rPois   .            (helmet restricted)
rElec   .            (no cloak)
rCorr   .            (no gloves)
SInv    .            (no boots)
Will    .....        (no amulet)
Stlth   ++           k - +6 ring of dexterity
HPRegen 0.24/turn    (no ring)
MPRegen 0.08/turn

%: no passive effects
@: no status effects
A: AC +5, unfitting armour, cold-blooded
a: no special abilities


You were on level 3 of the Dungeon.
You visited 1 branch of the dungeon, and saw 3 of its levels.

You collected 66 gold pieces.

Inventory:

Hand Weapons
 a - a +0 club
 h - a +0 spear (weapon)
Jewellery
 k - a +6 ring of dexterity (left hand)
 r - an amulet of magic regeneration
Wands
 b - a wand of flame (14) (quivered)
 c - a wand of charming (15)
 d - a wand of iceblast (5)
Scrolls
 e - 6 scrolls of identify {unknown}
 j - a scroll of noise {unknown}
 l - a scroll of fog {unknown}
 n - a scroll of blinking {unknown}
 o - a scroll of teleportation {unknown}
 p - a scroll of enchant weapon {unknown}
 q - a scroll of fear {unknown}
Potions
 f - a potion of magic {unknown}
 g - 4 potions of curing {unknown}
 i - a potion of degeneration {unknown}
 m - a potion of haste {unknown}
 s - 2 potions of mutation {unknown}


   Skills:
 + Level 2.1 Fighting
 + Level 2.6 Dodging
 + Level 1.8 Stealth
 + Level 3.4 Evocations


You had 2 spell levels left.
You didn't know any spells.
Your spell library contained the following spells:

 Spells                   Type           Power      Damage    Failure   Level
 Lesser Beckoning         Tloc           0%         N/A       43%         2
 Sublimation of Blood     Necr           0%         N/A       43%         2
 Wereblood                Tmut           0%         N/A       43%         2
 Call Canine Familiar     Summ           0%         N/A       67%         3
 Gell's Gravitas          Tloc           0%         N/A       67%         3
 Portal Projectile        Hex/Tloc       0%         N/A       67%         3
 Teleport Other           Tloc           0%         N/A       67%         3
 Leda's Liquefaction      Hex/Erth       0%         N/A       97%         4
 Dispersal                Tloc           0%         N/A       100%        6
 Summon Hydra             Summ           0%         N/A       100%        7


Dungeon Overview and Level Annotations

Branches:
Dungeon (3/15)

Altars:

Portals:
Sewer: D:3


Innate Abilities, Weirdness & Mutations

Your plain brown scales are hard. (AC +5)
You cannot fit into any form of body armour.
You are cold-blooded and may be slowed by cold attacks.


Message History

You hit the river rat but do no damage. The river rat bites you.
You hit the river rat but do no damage. The river rat bites you.
You hit the river rat.
The river rat is lightly wounded.
The river rat closely misses you.
You hit the river rat.
The river rat is heavily wounded.
The river rat bites you!
* * * LOW HITPOINT WARNING * * *
You hit the river rat.
You tail-slap the river rat, but do no damage.
The river rat is severely wounded.
The giant cockroach waves its antennae.
The river rat completely misses you.
You hit the river rat but do no damage.
The river rat is severely wounded.
The river rat bites you but does no damage.
You closely miss the river rat.
The river rat is severely wounded.
The river rat barely misses you.
You closely miss the river rat.
You tail-slap the river rat, but do no damage.
The river rat is heavily wounded.
The river rat bites you but does no damage.
You hit the river rat but do no damage.
The river rat is heavily wounded.
The river rat completely misses you.
The river rat bites you but does no damage.
The giant cockroach waves its antennae.
You hit the river rat but do no damage.
The river rat is heavily wounded.
The river rat bites you.
* * * LOW HITPOINT WARNING * * *
Aiming: Throw Flame
Press: ? - help, Shift-Dir - straight line, f - river rat
Aim: a river rat (heavily wounded, 68% to hit)
The puff of flame hits the river rat.
The river rat is almost dead.
The river rat bites you!
You die...

#.....# #######.##
.~~~∩##.# .~~~~##.#
.~~~~##.# ##..~~r##.#
#....B~##.#
########.####.##.#
#....†@rB.....##.#
##.##########.#..#
#.############.##
###.##.#...).........#
b...........†..>......#
####.##.#.#...†.......#
# #.#.#.###.#.....#
#.#.#.. #.#.....#
#.#.###.#.#.....#


You could see a river rat and a giant cockroach.

Vanquished Creatures
  2 adders (D:2)
  3 endoplasms (D:1)
  7 giant cockroaches
  2 hobgoblins (D:1)
  A quokka (D:1)
  2 ball pythons
  5 bats
  2 frilled lizards
  5 kobolds
  4 rats
33 creatures vanquished.

Notes
Turn   | Place    | Note
-------+----------+-------------------------------------------
     0 | D:1      | BlueFish the Draconian Artificer began the quest for the
                  | Orb.
     0 | D:1      | Reached XP level 1. HP: 16/16 MP: 1/1
   125 | D:1      | Reached skill level 1 in Stealth
   323 | D:1      | Reached XP level 2. HP: 23/23 MP: 2/2
   403 | D:1      | Found a faded altar of an unknown god.
  1132 | D:2      | Reached XP level 3. HP: 15/29 MP: 3/3
  1697 | D:3      | Found a glowing drain.
  1741 | D:3      | Slain by a river rat

Illustrated notes

Levels and vault maps discovered:
D:1:      zelgadis_glass_arrival_small, layout_basic,
          hellmonk_ecumenical_altar_blasted
D:2:      layout_loops_cross
D:3:      layout_basic, nicolae_gozag_zags_fifth_avenue, portal_sewer_entry_b,
          kennysheep_nondescript, hellmonk_no_cap

Skill      XL: |  1  2  3 |
---------------+----------+-----
Stealth        | 1 |  1.8
Fighting       | 2 |  2.1
Dodging        | |  2.6
Evocations     | |  3.4

Action                     || total
---------------------------++-------
  Melee: Club              ||    22
         Tailslap          ||    16
         Spear             ||   108
  Evoke: Wand              ||     1
   Stab: Sleeping          ||     4
 Armour: Skin              ||    34
  Dodge: Dodged            ||    88

Table legend: (Time is in decaauts)
 A = Elapsed time spent in this place.
 B = Non-inter-level travel time spent in this place.
 C = Inter-level travel time spent in this place.
 D = Time resting spent in this place.
 E = Time spent auto-exploring this place.
 F = Levels seen in this place.
 G = Mean time per level.
                   A        B        C        D        E       F      G
               +--------+--------+--------+--------+--------+-----+--------+
         Total |   1759 |   1712 |     47 |      0 |   1298 |   3 |  586.3 |
       Dungeon |   1759 |   1712 |     47 |      0 |   1298 |   3 |  586.3 |
               +--------+--------+--------+--------+--------+-----+--------+

Top non-repeatable levels by time:
     D:1: 874 daAuts
     D:2: 744 daAuts
     D:3: 140 daAuts
